Map: Eternal Empire LE

Players

Serral - Winner!

  • Race: Zerg Zerg
  • League: Master
  • Spawn Location: 1:00

HeroMarine

  • Race: Terran Terran
  • League: Master
  • Spawn Location: 7:00

Event: DreamHack SC2 Masters 2020 Fall

VOD

Have the link to the VOD?

Description

Time

  • Played on: Sept. 12, 2020, 12:51 p.m.
  • Length: 13:21

All games in this series

Show
View Real Time Build Order
Export as new Build Order

Serral Zerg - Winner!

Build Orders: Hatch First 

Get SALT Encoding   

  12  0:00  Drone  
  13  0:12  Overlord  
  13  0:17  Drone  
  14  0:30  Drone  
  14  0:31  Drone  
  16  0:48  Hatchery  
  15  0:51  Drone  
  15  0:55  Drone  
  17  0:58  Drone  
  18  1:09  Extractor  
  17  1:13  Spawning Pool  
  17  1:16  Drone  
  17  1:20  Drone  
  18  1:27  Drone  
  19  1:38  Drone  
  20  1:48  Overlord  
  20  2:00  Queen x2  
  25  2:01  Zergling x4  
  26  2:11  Drone x2  
  26  2:12  Metabolic Boost  
  28  2:21  Drone  
  28  2:22  Drone  
  30  2:32  Overlord  
  30  2:34  Drone  
  30  2:36  Queen  
  33  2:45  Zergling x2  
  33  2:46  Drone  
  33  2:49  Pneumatized Carapace  
  35  2:53  Drone  
  35  2:54  Drone  
  37  3:04  Drone  
  37  3:05  Drone  
  39  3:11  Hatchery  
  38  3:16  Zergling x2  
  38  3:17  Drone, Overlord  
  40  3:25  Drone x2, Zergling x2  
  43  3:35  Drone  
  44  3:42  Drone  
  44  3:44  Drone  
  44  3:45  Drone x2  
  44  3:47  Drone  
  49  3:51  Zergling x2  
  49  3:56  Drone  
  49  3:58  Overlord  
  49  4:01  Queen, Extractor x2  
  49  4:02  Overlord  
  50  4:03  Drone  
  50  4:07  Queen, Evolution Chamber x2  
  51  4:17  Drone x3  
  51  4:21  Zergling x2  
  51  4:22  Drone x3  
  58  4:30  Queen  
  61  4:31  Drone x3  
  61  4:35  Zerg Ground Armor Level 1, Overlord  
  61  4:37  Drone  
  64  4:44  Lair  
  64  4:46  Drone x2  
  64  4:47  Drone  
  64  4:51  Overlord  
  67  4:56  Drone  
  67  4:57  Baneling Nest  
  67  4:58  Drone  
  68  5:08  Zergling x2  
  68  5:10  Drone  
  68  5:11  Drone x2  
  68  5:12  Drone  
  68  5:14  Drone x3  
  75  5:16  Zerg Melee Weapons Level 1  
  75  5:18  Overlord  
  75  5:19  Drone x2  
  78  5:25  Drone  
  78  5:27  Extractor  
  78  5:29  Drone  
  78  5:30  Drone, Extractor  
  79  5:36  Drone  
  79  5:40  Drone x4  
  79  5:42  Zergling x2, Centrifical Hooks  
  85  5:46  Zergling x6  
  88  5:51  Zergling x6  
  88  5:54  Hatchery  
  90  6:00  Hydralisk Den, Overlord, Overseer  
  89  6:04  Zergling x2  
  89  6:05  Zergling x6  
  93  6:13  Zergling x10  
  93  6:17  Baneling x5  
  97  6:19  Overlord x3  
  97  6:21  Zergling x4  
  99  6:29  Baneling  
  99  6:30  Baneling x3  
  99  6:32  Overlord, Muscular Augments  
  99  6:33  Hatchery  
  99  6:34  Zergling x10  
  99  6:38  Zergling x6  
  107  6:54  Overlord  
  107  6:58  Baneling x4  
  107  6:59  Baneling  
  107  7:00  Drone x3  
  110  7:01  Drone  
  110  7:02  Zergling x14  
  110  7:05  Baneling x2  
  117  7:11  Baneling  
  117  7:12  Baneling x9  
  117  7:20  Zergling x12  
  106  7:24  Zergling x12  
  106  7:34  Zerg Melee Weapons Level 2, Zerg Ground Armor Level 2  
  106  7:36  Zergling x10  
  105  7:37  Hatchery  
  105  7:42  Baneling x7  
  105  7:43  Grooved Spines  
  104  7:50  Hydralisk x5  
  114  8:01  Hydralisk x2  
  114  8:03  Baneling  
  114  8:04  Baneling x2  
  117  8:07  Unknown  
  117  8:11  Zergling x18  
  117  8:12  Zergling x4  
  120  8:19  Drone x2  
  121  8:20  Drone  
  119  8:28  Overlord  
  119  8:33  Hydralisk  
  119  8:42  Overlord x2  
  119  8:44  Baneling x4  
  119  8:46  Hydralisk, Hatchery  
  119  8:47  Drone x2  
  119  8:48  Drone x4  
  126  8:52  Hydralisk x4  
  134  8:58  Overseer  
  134  8:59  Overlord  
  134  9:00  Hydralisk  
  134  9:01  Hydralisk x2  
  140  9:03  Baneling x2  
  140  9:04  Baneling  
  140  9:06  Baneling x4  
  140  9:07  Baneling  
  140  9:08  Overlord  
  137  9:13  Zergling x8  
  136  9:18  Zergling x10  
  141  9:31  Zergling x2  
  141  9:32  Zergling x16  
  141  9:36  Zergling x14  
  157  9:41  Infestation Pit, Overseer  
  157  9:45  Zergling x4  
  157  9:47  Drone x2  
  157  9:50  Baneling x11  
  159  9:56  Overlord  
  159  9:57  Zergling x10  
  153  10:00  Zerg Missile Weapons Level 1  
  151  10:12  Zergling x24  
  162  10:17  Baneling x4  
  162  10:20  Hive  
  162  10:25  Drone x7  
  162  10:26  Drone  
  170  10:30  Zergling x8  
  170  10:35  Zergling x10  
  179  10:38  Baneling x6  
  179  10:39  Baneling  
  178  10:45  Zergling x14  
  171  10:52  Zergling x4  
  171  10:53  Zergling x10  
  163  10:57  Zergling x10  
  161  11:08  Baneling x6  
  161  11:15  Drone x3  
  161  11:17  Baneling x21  
  161  11:18  Zergling x6, Baneling x9  
  166  11:26  Drone  
  167  11:33  Adrenal Glands  
  167  11:34  Viper  
  167  11:35  Viper  
  167  11:37  Viper  
  167  11:39  Drone x2  
  178  11:40  Spore Crawler  
  178  11:42  Baneling x9  
  178  11:45  Zergling x8  
  181  11:51  Zergling x2  
  181  11:52  Overlord x3  
  182  12:01  Overlord x2  
  175  12:10  Zergling x38  
  190  12:18  Hatchery  
  188  12:27  Zergling x22  
  191  12:33  Zergling x2  
  191  12:34  Zergling x8  
  189  12:37  Baneling x9  
  185  12:45  Hydralisk x2  
  185  12:46  Zergling x18  
  196  12:55  Baneling x9  
  196  12:56  Zergling x6  
Show
View Real Time Build Order
Export as new Build Order

HeroMarine Terran 

Build Orders: Reaper Expand 

Get SALT Encoding   

  12  0:00  SCV  
  13  0:12  SCV  
  14  0:17  Supply Depot  
  14  0:24  SCV  
  15  0:38  SCV  
  15  0:40  Barracks  
  16  0:43  Refinery  
  16  0:50  SCV  
  17  1:03  SCV  
  18  1:15  SCV  
  19  1:27  Orbital Command, Reaper  
  20  1:40  Command Center  
  20  1:49  Supply Depot  
  20  1:52  SCV  
  21  1:59  Reaper  
  22  2:04  SCV  
  23  2:16  SCV  
  23  2:20  Factory  
  24  2:29  SCV  
  25  2:39  Barracks Reactor  
  25  2:41  SCV  
  25  2:43  Command Center  
  26  2:53  Orbital Command, SCV  
  27  3:05  SCV  
  28  3:17  SCV  
  28  3:19  SCV  
  32  3:20  Barracks Tech Lab, Hellion x2  
  32  3:21  Barracks  
  34  3:29  SCV  
  34  3:31  SCV  
  36  3:42  Hellion x2  
  36  3:43  SCV  
  36  3:44  SCV  
  42  3:52  Stimpack, Marine  
  42  3:55  Orbital Command, SCV  
  43  3:56  SCV  
  45  4:03  Refinery  
  45  4:08  SCV x2  
  45  4:09  Engineering Bay  
  47  4:10  Starport, Marine  
  47  4:12  Refinery  
  48  4:20  SCV x2  
  48  4:22  Marine  
  48  4:23  Marine  
  52  4:24  Factory Reactor  
  52  4:28  Marine  
  52  4:30  SCV  
  54  4:32  SCV x2  
  54  4:35  Supply Depot  
  56  4:40  Marine  
  56  4:42  SCV  
  56  4:44  SCV x2  
  56  4:45  Marine  
  61  4:48  Engineering Bay, Terran Infantry Weapons Level 1  
  61  4:50  Supply Depot  
  61  4:56  Orbital Command, Marine  
  61  4:57  SCV x2, Supply Depot  
  61  4:58  Marine  
  65  5:02  Marine  
  65  5:05  Barracks  
  66  5:08  Factory Reactor  
  66  5:09  SCV x2  
  66  5:12  Supply Depot  
  66  5:13  Medivac x2  
  72  5:14  Marine  
  72  5:16  Marine  
  72  5:20  Marine  
  72  5:21  SCV x3  
  78  5:32  Combat Shield, Marine  
  78  5:33  SCV x2  
  78  5:34  Marine  
  82  5:36  Armory, Engineering Bay  
  82  5:37  SCV  
  82  5:38  Marine  
  84  5:45  SCV x2  
  84  5:49  SCV, Supply Depot  
  87  5:50  Marine  
  87  5:51  Supply Depot  
  87  5:52  Marine  
  87  5:55  Barracks Reactor  
  87  5:56  Hellion x2  
  93  6:05  Supply Depot  
  93  6:10  SCV x3, Marine x3  
  99  6:13  Supply Depot  
  99  6:14  Terran Infantry Armor Level 1  
  99  6:15  Supply Depot  
  99  6:20  Medivac, Hellion x2  
  99  6:22  Medivac, SCV x2  
  109  6:26  Refinery  
  109  6:27  SCV  
  109  6:28  Marine x3  
  113  6:35  SCV x2  
  113  6:37  Marine x2  
  113  6:39  SCV  
  117  6:41  Hellion x2  
  117  6:44  Terran Infantry Weapons Level 2  
  117  6:46  Marine x2  
  123  6:47  Marine  
  123  6:52  Barracks x2  
  123  6:53  Refinery  
  124  6:55  Marine x2  
  124  6:59  Factory  
  126  7:03  Terran Vehicle And Ship Armor Level 1  
  126  7:04  Marine x2  
  126  7:05  Marine  
  129  7:13  Marine x2  
  131  7:16  Medivac  
  131  7:21  SCV x2, Marine x2  
  121  7:22  SCV  
  121  7:23  Marine  
  114  7:30  Marine  
  114  7:31  Marine  
  114  7:33  SCV x2  
  114  7:35  Widow Mine x2, SCV  
  101  7:39  Marine x2  
  101  7:41  Marine  
  101  7:43  Barracks Reactor  
  101  7:44  Factory Tech Lab, Barracks Reactor  
  102  7:45  SCV x2  
  102  7:47  SCV  
  102  7:48  Marine x2  
  102  7:50  Missile Turret  
  107  7:53  Command Center  
  107  7:55  Medivac x2  
  107  7:57  SCV, Marine x2  
  114  7:58  Marine  
  114  8:02  Widow Mine x2  
  114  8:03  Widow Mine  
  114  8:04  SCV x2  
  123  8:06  Marine x2  
  123  8:09  SCV  
  108  8:15  Marine x2  
  108  8:16  SCV x2, Marine  
  112  8:20  Marine  
  112  8:21  SCV, Marine  
  112  8:22  Marine x2  
  112  8:24  Marine x2  
  119  8:28  SCV  
  119  8:33  Marine x2  
  121  8:34  Marine  
  121  8:37  Widow Mine x2  
  121  8:38  Medivac x2, Widow Mine, Marine  
  121  8:39  Marine  
  133  8:45  Supply Depot  
  133  8:46  Supply Depot  
  133  8:47  Barracks  
  133  8:48  Barracks  
  133  8:49  Barracks  
  133  8:58  Supply Depot  
  133  8:59  Supply Depot  
  133  9:04  SCV x3, Marine x8  
  133  9:06  Marine  
  133  9:08  Terran Infantry Weapons Level 3  
  149  9:16  SCV x3  
  144  9:17  Siege Tank  
  144  9:22  Marine x8  
  144  9:24  Marine  
  151  9:28  Factory Tech Lab  
  151  9:29  SCV x3  
  151  9:36  Barracks Tech Lab  
  151  9:38  Barracks Tech Lab x2  
  149  9:40  Marauder, Refinery, Marine x2  
  149  9:41  Marine  
  149  9:42  Marine  
  158  9:47  Sensor Tower  
  158  9:49  Siege Tank  
  158  9:53  Marine x2  
  145  10:02  Siege Tank, Marauder  
  145  10:05  Marine  
  145  10:06  Marine x4  
  145  10:07  Marauder x2  
  152  10:09  Marauder, Marine  
  152  10:12  Terran Infantry Armor Level 2  
  152  10:13  Marine x2  
  155  10:21  Siege Tank  
  155  10:23  Marauder  
  155  10:25  Supply Depot, Marine  
  155  10:26  Marine x3  
  155  10:27  Concussive Shells  
  155  10:28  Marauder x2, Marine x2  
  169  10:30  Marauder  
  172  10:40  Supply Depot  
  172  10:43  Supply Depot  
  172  10:44  Marauder  
  172  10:49  Marauder  
  165  10:50  Marauder  
  165  10:51  Marauder  
  165  10:53  Marine  
  165  10:54  Marine x2  
  149  11:01  Marine  
  149  11:04  Command Center  
  144  11:05  Marine  
  144  11:06  Marauder  
  144  11:07  Marine  
  144  11:11  Marauder x2  
  151  11:12  Siege Tank  
  151  11:13  Siege Tank  
  151  11:14  Marine  
  158  11:21  Marauder  
  158  11:25  Supply Depot  
  160  11:26  Marine x3  
  160  11:27  Marauder, Marine x3  
  172  11:33  Marauder x2  
  172  11:40  Marine x2  
  172  11:42  Marauder  
  172  11:43  Marine  
  172  11:44  Marine  
  178  11:49  Marauder  
  178  11:53  Marine x2  
  186  11:54  Marauder x2  
  186  11:58  Siege Tank x2  
  184  12:18  Supply Depot  
  184  12:19  Supply Depot  
  184  12:23  Marine x2  
  184  12:24  Marauder  
  184  12:28  Marine x2  
  184  12:29  Marauder, Marine x4  
  188  12:30  Marine  
  188  12:31  Marauder  
  175  12:37  Siege Tank x2  
  175  12:41  Marine x2  
  174  12:45  Marauder, Marine  
  174  12:46  Marine  
  174  12:47  Marauder, Marine x2  
  182  12:56  Marauder, Marine  

Tags
 
Add a new tag
Caveats
  • Supply blocks, unpowered buildings, or Contaminate may cause inaccurate times.
  • Supply counts are checked every 10 seconds.